Map: Discordance EC

Players

Infinity - Winner!

  • Race: Terran Terran
  • Spawn Location: 1:00

JamesFord

  • Race: Terran Terran
  • League: Gold
  • Spawn Location: 7:00

VOD

Have the link to the VOD?

Description

Time

  • Played on: April 29, 2019, 2:09 p.m.
  • Length: 6:59
Show
View Real Time Build Order
Export as new Build Order

Infinity Terran - Winner!

Build Orders:  

Get SALT Encoding   

  12  0:00  SCV  
  13  0:13  SCV  
  14  0:18  Supply Depot  
  14  0:25  SCV  
  15  0:30  Refinery  
  15  0:39  SCV  
  16  0:46  Barracks  
  16  0:53  SCV  
  17  1:05  SCV  
  18  1:15  Refinery  
  18  1:17  SCV  
  19  1:29  SCV  
  20  1:34  Reaper  
  21  1:41  SCV  
  23  1:57  Command Center  
  22  2:02  Orbital Command  
  22  2:17  Factory  
  22  2:23  Barracks Tech Lab  
  22  2:30  SCV  
  22  2:35  Supply Depot  
  22  2:42  Marine  
  22  3:11  Orbital Command  
  22  3:12  SCV  
  23  3:21  Marine, Siege Tank  
  23  3:24  SCV  
  28  3:36  SCV, Starport  
  28  3:38  SCV  
  30  3:44  Barracks Reactor  
  30  3:48  SCV  
  30  3:50  SCV  
  30  3:53  Barracks  
  30  3:54  Refinery  
  32  4:00  SCV  
  32  4:01  Siege Tank  
  36  4:03  SCV  
  37  4:13  SCV  
  37  4:14  Medivac  
  40  4:19  SCV  
  40  4:21  Supply Depot  
  40  4:22  Marine x2  
  43  4:25  SCV  
  43  4:26  Engineering Bay  
  43  4:31  SCV  
  45  4:37  SCV  
  46  4:42  Barracks Tech Lab  
  46  4:43  Siege Tank  
  46  4:45  Supply Depot  
  49  4:51  Marine x2  
  51  5:03  Terran Infantry Weapons Level 1, SCV  
  51  5:04  SCV  
  53  5:07  Marine  
  53  5:09  Marine x2, Starport Reactor  
  56  5:14  Missile Turret  
  56  5:43  Marine x3  
  56  5:44  Siege Tank  
  62  5:51  Supply Depot x2  
  62  5:52  Supply Depot  
  62  5:54  Barracks  
  62  5:57  Factory  
  62  6:12  Marine x2, Medivac x2  
  62  6:13  SCV x2  
  62  6:17  Refinery  
  70  6:25  SCV  
  71  6:27  Command Center  
  71  6:38  Marine x3  
  77  6:43  Factory Tech Lab  
  77  6:46  Barracks Reactor  
  78  6:47  SCV x2  
Show
View Real Time Build Order
Export as new Build Order

JamesFord Terran 

Build Orders:  

Get SALT Encoding   

  12  0:01  SCV  
  13  0:13  SCV  
  14  0:18  Supply Depot  
  14  0:26  SCV  
  15  0:30  Refinery  
  15  0:39  SCV  
  16  0:46  Barracks  
  16  0:53  SCV  
  17  1:05  SCV  
  18  1:17  SCV  
  19  1:29  SCV  
  20  1:33  Reaper  
  21  1:43  Command Center  
  21  1:53  Supply Depot  
  21  2:01  Orbital Command  
  21  2:05  Marine  
  21  2:27  Bunker, Barracks Reactor  
  21  2:44  SCV  
  20  2:59  SCV  
  22  3:07  Orbital Command  
  21  3:16  Supply Depot  
  21  3:17  Marine x2, Supply Depot  
  23  3:27  Supply Depot  
  23  3:30  Refinery  
  23  3:31  SCV  
  24  3:38  Factory  
  24  3:39  Supply Depot  
  24  3:40  Supply Depot  
  24  3:43  SCV  
  24  3:44  SCV  
  26  3:52  Marine  
  26  3:53  Marine  
  26  3:55  SCV  
  29  3:56  SCV  
  30  4:06  Supply Depot  
  30  4:07  SCV  
  30  4:08  SCV  
  32  4:10  Supply Depot  
  32  4:12  Marine  
  33  4:19  SCV  
  34  4:26  SCV  
  34  4:29  Factory Tech Lab  
  34  4:30  Supply Depot  
  35  4:31  SCV  
  35  4:33  Starport  
  36  4:43  Marine x2  
  36  4:44  SCV  
  36  4:45  SCV  
  40  4:52  Supply Depot  
  40  4:53  Engineering Bay  
  40  4:59  SCV x2  
  42  5:11  SCV x2  
  44  5:14  Refinery  
  44  5:16  Marine x2  
  44  5:18  Refinery  
  44  5:19  Starport Tech Lab  
  46  5:21  Starport Reactor  
  46  5:25  Barracks  
  40  5:46  SCV x2  
  37  5:51  Siege Tank  
  37  5:58  Marine x2  
  39  6:09  SCV x2  
  30  6:40  SCV x2  
Tags
 
League
Gold
Matchup
TvT
Race
Terran
Spawn Locations
Cross Positions
Add a new tag
Caveats
  • Supply blocks, unpowered buildings, or Contaminate may cause inaccurate times.
  • Supply counts are checked every 10 seconds.